cohdb
Replays
Latest Replays
All Replays
Popular Replays
Top Player Replays
Match Explorer
How It Works
Community
CoH3 Stats
Reddit
Sign in to upload your games and track your stats! →
Sign in with Steam
havoc vs charlotte TIGRE
Match 18081628
Overview
Messages
Build Orders
End
Construct Infanterie Kompanie
Kettenkrad Recon Vehicle
MG 42 Machine Gun Team
Grenadier Squad
Selects Breakthrough Battlegroup
Grenadier Squad
Grenadier Squad
Selects Assault Grenadiers
Infanterie Officer Quarters
Construct Luftwaffe Kompanie
Selects Rapid Production
Support Elements
Jäger Squad
Wirbelwind Flakpanzer
Wirbelwind Flakpanzer
Selects Blitzkrieg
Pioneer Squad
Jäger Squad
Medical Station
Luftwaffe Officer Quarters
Jäger Squad
Marder III M Tank Destroyer
Selects Tiger Heavy Tank
Tiger Heavy Tank
Wirbelwind Flakpanzer
Selects Smoke Bombing Run
Smoke Bombing Run
Blitzkrieg
RtN.havoc
Charlotte
0
0
Comments
sign in to comment!
No comments posted yet!